 Dungeon Crawl Stone Soup version 0.18-a0-1060-g4fac74f (webtiles) character file.

4336 Duffy the Basher (level 10, -11/68 HPs)
             Began as a Gargoyle Fighter on Jan 12, 2016.
             Was a High Priest of Cheibriados.
             Mangled by a death knight
             ... wielding a +3 battleaxe
              (14 damage)
             ... on level 8 of the Dungeon.
             The game lasted 00:10:09 (8553 turns).

Duffy the Basher (Gargoyle Fighter)                 Turns: 8553, Time: 00:10:09

Health: -11/68     AC: 25    Str: 35    XL:     10   Next: 33%
Magic:  10/10      EV:  5    Int: 22    God:    Cheibriados [*****.]
Gold:   483        SH: 15    Dex: 23    Spells: 0 memorised, 9 levels left

rFire  . . .     SeeInvis .     L - +2 flail (protect)
rCold  . . .     Gourm    .     P - +0 plate armour
rNeg   + . .     Faith    .     c - +0 shield
rPois  ∞         Spirit   .     w - +0 helmet
rElec  +         Dismiss  .     C - +0 cloak
rCorr  .         Reflect  +     (no gloves)
SustAt .         Harm     .     (no boots)
MR     .....                    U - +3 amulet of reflection
Stlth  ..........               y - +3 ring of slaying
                                T - ring of stealth

@: very slow, not resistant to hostile enchantments, extremely unstealthy
A: negative energy resistance 1, electricity resistance, unbreathing,
petrification resistance, rot immunity, AC +7
a: Bend Time, Temporal Distortion, Slouch, Step From Time, Renounce Religion


You were on level 8 of the Dungeon.
You worshipped Cheibriados.
Cheibriados was extremely pleased with you.
You were hungry.

You visited 2 branches of the dungeon, and saw 9 of its levels.
You also visited: Sewer.

You collected 483 gold pieces.


Innate Abilities, Weirdness & Mutations

You are resistant to torment.
Your stone body is resilient (AC +7).
You are immune to poison.
You resist negative energy.
You are resistant to electric shocks.
You can survive without breathing.
You are immune to petrification.
You are immune to rotting.


   Skills:
 - Level 10.0 Fighting
 + Level 11.9 Maces & Flails
 - Level 3.2 Armour
 - Level 3.2 Shields


You had 9 spell levels left.
You didn't know any spells.

Inventory:

Hand Weapons
 a - a +0 flail
 b - a +0 blowgun
 B - a +0 mace of holy wrath
 L - a +2 flail of protection (weapon)
Missiles
 q - 40 poisoned needles
 v - 3 curare-tipped needles
Armour
 c - a +0 shield (worn)
 p - a +0 scale mail
 w - a +0 helmet (worn)
 C - a +0 cloak (worn)
 E - a +0 chain mail
 M - a +2 scale mail of positive energy
 P - a +0 plate armour (worn)
Jewellery
 y - a +3 ring of slaying (right hand)
 T - a ring of stealth (left hand)
 U - a +3 amulet of reflection (around neck)
Wands
 G - a wand of slowing (16/48)
 K - a wand of paralysis (17/24)
Scrolls
 g - 2 scrolls of random uselessness {unknown}
 h - 8 scrolls of identify {unknown}
 i - 2 scrolls of amnesia {unknown}
 j - 4 scrolls of remove curse {unknown}
 k - 4 scrolls of teleportation {unknown}
 m - 2 scrolls of fog {unknown}
 o - a scroll of fear {unknown}
 u - 2 scrolls of recharging {unknown}
 I - a scroll of enchant armour {unknown}
 J - a scroll of blinking {unknown}
 Q - a scroll of magic mapping {unknown}
 S - a scroll of enchant weapon {unknown}
Potions
 d - 3 potions of might
 e - a potion of cancellation {unknown}
 l - 4 potions of brilliance {unknown}
 n - 9 potions of heal wounds {unknown}
 r - 3 potions of curing {unknown}
 s - 5 potions of poison {unknown}
 t - a potion of magic {unknown}
 z - 2 potions of haste {unknown}
 A - 2 potions of lignification {unknown}
 F - a potion of experience {unknown}
 N - a potion of flight {unknown}
 O - a potion of mutation {unknown}
Comestibles
 f - 12 bread rations
 x - 3 fruits
 D - 9 slices of pizza
 H - 3 meat rations
 R - 2 beef jerkies
 V - 4 chunks of flesh

Dungeon Overview and Level Annotations

Branches:
Dungeon (8/15)             Temple (1/1) D:5
   Lair: D:8-11

Altars:
Ashenzari
Cheibriados
Dithmenos
Elyvilon
Fedhas
Gozag
Kikubaaqudgha
Makhleb
Nemelex Xobeh
Okawaru
Pakellas
Qazlal
Ru
Trog
Xom
Yredelemnul
Zin
The Shining One

Annotations:
D:1 scrolls
D:6 1 exclusion


Message History

You sock the death knight!
The death knight is lightly wounded.
The death knight hits you with an enchanted battleaxe!
You are too injured to fight recklessly!
You are too injured to fight recklessly!
You are too injured to fight recklessly!
You are too injured to fight recklessly!
You are too injured to fight recklessly!
You are too injured to fight recklessly!
You are too injured to fight recklessly!
You are too injured to fight recklessly!
You are too injured to fight recklessly!
You are too injured to fight recklessly!
You are too injured to fight recklessly!
You are too injured to fight recklessly!
You are too injured to fight recklessly!
You are too injured to fight recklessly!
You are too injured to fight recklessly!
You are too injured to fight recklessly!
You are too injured to fight recklessly!
You are too injured to fight recklessly!
You are too injured to fight recklessly!
You thump the death knight!
The death knight is moderately wounded.
You bludgeon the death knight!!
The death knight is heavily wounded.
The death knight hits you with an enchanted battleaxe!
You hit the death knight but do no damage.
The death knight is heavily wounded.
The death knight offers itself to Yredelemnul, and fills with unholy energy.
You bludgeon the death knight!!
The death knight is almost dead.
Your damage is reflected back at you!
The death knight hits you with an enchanted battleaxe!
You die...

### ### ..
..# ###
#W# ..#
#W# <.#
#p# ..#
#@## ..#
#...#.##
..#
###.###.##
### ..#
##.#
###.###.##
#.#.##
#..## ###
#.## ~.##
##.##


You could see a death knight, a freezing wraith and a wraith.

Action                   |  1- 3 |  4- 6 |  7- 9 | 10-12 || total
-------------------------+-------+-------+-------+-------++-------
Melee: Flail             |   128 |   457 |   476 |   106 ||  1167
  Eat: Chunk             |       |     9 |     9 |     1 ||    19

Notes
Turn   | Place    | Note
--------------------------------------------------------------
     0 | D:1      | Duffy the Gargoyle Fighter began the quest for the Orb.
     0 | D:1      | Reached XP level 1. HP: 14/14 MP: 1/1
   128 | D:3      | Noticed a crimson imp
   461 | D:3      | Killed a crimson imp
   461 | D:3      | Reached skill level 3 in Maces & Flails
   461 | D:3      | Reached XP level 2. HP: 19/19 MP: 2/2
   461 | D:3      | Reached XP level 3. HP: 23/23 MP: 3/3
   665 | D:3      | Reached skill level 4 in Maces & Flails
   671 | D:3      | Reached XP level 4. HP: 21/28 MP: 4/4
   793 | D:4      | Reached skill level 5 in Maces & Flails
   793 | D:4      | Reached XP level 5. HP: 25/32 MP: 5/5
   960 | D:4      | Noticed a phantom
   961 | D:4      | Found a glowing drain.
  1031 | Sewer    | Entered a sewer
  2195 | D:4      | Reached skill level 6 in Maces & Flails
  2215 | D:4      | Reached XP level 6. HP: 34/37 MP: 6/6
  2560 | D:4      | Noticed Duffy's ghost (weakling GrFi)
  2574 | D:4      | Killed Duffy's ghost
  2682 | D:5      | Entered Level 5 of the Dungeon
  2682 | D:5      | Noticed an ice beast
  2691 | D:5      | Killed an ice beast
  2691 | D:5      | Reached skill level 7 in Maces & Flails
  2817 | D:5      | Found a shimmering altar of Xom.
  2885 | D:5      | Found a staircase to the Ecumenical Temple.
  2890 | Temple   | Entered the Ecumenical Temple
  3012 | Temple   | Became a worshipper of Cheibriados the Contemplative
  3151 | D:1      | Reached XP level 7. HP: 37/41 MP: 7/7
  3411 | D:1      | Reached * piety under Cheibriados
  4154 | D:2      | Reached ** piety under Cheibriados
  4653 | D:2      | Noticed Crazy Yiuf
  4661 | D:2      | Killed Crazy Yiuf
  4943 | D:3      | Reached skill level 4 in Fighting
  5251 | D:4      | Reached *** piety under Cheibriados
  5749 | D:5      | Reached skill level 8 in Maces & Flails
  5999 | D:6      | Reached skill level 5 in Fighting
  5999 | D:6      | Reached XP level 8. HP: 45/49 MP: 8/8
  6120 | D:6      | Found a glowing golden altar of the Shining One.
  6345 | D:6      | Noticed Edmund
  6362 | D:6      | Killed Edmund
  6362 | D:6      | Reached skill level 6 in Fighting
  6362 | D:6      | Reached skill level 9 in Maces & Flails
  6624 | D:6      | Found a glowing silver altar of Zin.
  6624 | D:6      | Found an opulent altar of Gozag.
  6680 | D:6      | Noticed Blork the orc
  6688 | D:6      | Killed Blork the orc
  6821 | D:6      | Reached **** piety under Cheibriados
  6821 | D:6      | Reached skill level 7 in Fighting
  6861 | D:6      | Reached XP level 9. HP: 57/57 MP: 9/9
  7205 | D:7      | Reached skill level 10 in Maces & Flails
  7491 | D:7      | Reached skill level 8 in Fighting
  7597 | D:7      | Noticed Joseph
  7616 | D:7      | Killed Joseph
  7628 | D:7      | Found a shattered altar of Ashenzari.
  7632 | D:7      | Found a shimmering altar of Xom.
  7635 | D:7      | Found an ancient bone altar of Kikubaaqudgha.
  7741 | D:7      | Noticed Pikel
  7757 | D:7      | Killed Pikel
  7757 | D:7      | Reached skill level 9 in Fighting
  7757 | D:7      | Reached skill level 11 in Maces & Flails
  7810 | D:7      | Reached XP level 10. HP: 66/66 MP: 10/10
  7832 | D:7      | Reached ***** piety under Cheibriados
  8167 | D:8      | Reached skill level 10 in Fighting
  8547 | D:8      | Noticed a death knight
  8553 | D:8      | Mangled by a death knight

Vault maps used:
D:1:      mushboom_english_gardens, minmay_statues_item, lexackson_kobold_supper
D:2:      uniq_crazy_yiuf_cottage
D:3:      first_bread, minmay_misc_feat_nine_boxes
D:4:      portal_sewer_entry_f, minmay_snake_closets
D:5:      temple_doors_e, xom_teletrap_fun
D:6:      kennysheep_housing_project, grunt_temple_overflow_gold_and_silver,
          nicolae_overflow_crystal_walls, hangedman_decor_growths,
          uniq_blork_the_orc, uniq_edmund
D:7:      minmay_overflow_temple_star_quad, grunt_livestock, kennysheep_potato,
          uniq_joseph, uniq_pikel
D:8:      lemuel_doored_altar, lemuel_old_faithful
Temple:   jpeg_temple_clearing_12
Sewer:    sewer_co_scattered_pipes

Vanquished Creatures
  Pikel Joseph
  A freezing wraith
  A human
  A yak Edmund
  An orc warrior
  A black bear
  A phantom
  A sky beast
  A necrophage
  3 ice beasts
  2 ogres
  2 centaurs Blork the orc
  2 giant frogs
  A gnoll sergeant
  3 scorpions
  10 wights
  The ghost of Duffy the Cudgeler, a weakling GrFi
  5 crimson imps
  A giant frog zombie
  A quasit
  A giant frog skeleton
  A hound
  3 orc priests Crazy Yiuf
  A jelly
  A centaur skeleton
  An orc wizard
  6 worker ants
  3 sheep
  A hound skeleton
  A worker ant zombie
  4 gnolls
  11 adders
  3 shadow imps
  An adder zombie
  2 worms
  9 giant geckos
  22 orcs
  10 giant cockroaches
  4 goblins
  13 hobgoblins
  20 jackals
  20 kobolds
  3 quokkas
  13 ball pythons
  7 bats
  A giant gecko zombie
  5 giant newts
  8 rats
  9 plants
228 creatures vanquished.
